 Dungeon Crawl Stone Soup version 0.31.0-32-g396128a36d (webtiles) character file.

Game seed: 14584685185360506667

177 hawla the Firebug (level 5, -1/28 HPs)
             Began as a Deep Elf Fire Elementalist on Apr 15, 2024.
             Killed by miscasting Flame Wave (12 damage)
             ... on level 3 of the Dungeon.
             The game lasted 00:05:14 (2976 turns).

hawla the Firebug (Deep Elf Fire Elementalist)      Turns: 2976, Time: 00:05:15

Health: -1/28      AC:  3    Str:  5    XL:     5   Next: 31%
Magic:  3/12       EV: 12    Int: 22    God:
Gold:   176        SH:  0    Dex: 15    Spells: 4/11 levels left

rFire   . . .        l - +2 falchion (flame)
rCold   . . .        (no shield)
rNeg    . . .        a - +0 robe
rPois   .            (no helmet)
rElec   .            (no cloak)
rCorr   .            (no gloves)
SInv    .            h - +0 pair of boots
Will    .....        (no amulet)
Stlth   ++           (no ring)
HPRegen 0.24/turn    (no ring)
MPRegen 0.13/turn

%: no passive effects
@: very slightly contaminated
A: no striking features
a: no special abilities


You were on level 3 of the Dungeon.
You visited 1 branch of the dungeon, and saw 3 of its levels.

You collected 176 gold pieces.

Inventory:

Hand Weapons
 l - a +2 falchion of flaming (weapon)
Armour
 a - a +0 robe (worn)
 h - a +0 pair of boots (worn)
Wands
 g - a wand of roots (8)
Scrolls
 i - a scroll of revelation
Potions
 b - a potion of magic
 c - a potion of might {unknown}
 d - a potion of ambrosia {unknown}
 e - a potion of haste {unknown}
 f - 2 potions of degeneration {unknown}
 j - a potion of curing {unknown}
 k - a potion of enlightenment {unknown}


   Skills:
 + Level 0.2 Long Blades
 - Level 2.4 Dodging
 - Level 2.4 Stealth
 + Level 3.5 Spellcasting
 * Level 2.4 Conjurations
 * Level 6.0 Fire Magic


You had 4 spell levels left.
You knew the following spells:

 Your Spells              Type           Power      Damage    Failure   Level
a - Foxfire               Conj/Fire      88%        2x1d8     1%          1
b - Scorch                Fire           60%        2d7       1%          2
c - Flame Wave            Conj/Fire      22%        2d8       21%         4

Your spell library contained the following spells:

 Spells                   Type           Power      Damage    Failure   Level
 Momentum Strike          Conj/Tloc      18%        3d8       11%         2
 Inner Flame              Hex/Fire       17%        N/A       11%         3
 Volatile Blastmotes      Fire/Tloc      34%        2d12      11%         3
 Blink                    Tloc           6%         N/A       19%         2
 Lesser Beckoning         Tloc           6%         N/A       19%         2
 Sticky Flame             Fire/Alch      17%        2d5       34%         4


Dungeon Overview and Level Annotations

Branches:
Dungeon (3/15)

Altars:


Message History

You barely miss the jackal. The jackal barely misses you.
An adder comes into view.
You closely miss the jackal. The jackal bites you.
The jackal closely misses you.
The jackal barks!
You slash the jackal! You burn the jackal.
You kill the jackal!
A bat comes into view.
The jackal closely misses you.
The bat moves out of view.
You hit the jackal but do no damage. The jackal barely misses you.
The jackal completely misses you. The jackal bites you.
The jackal barely misses you.
Casting: Flame Wave (extremely dangerous; 21% risk of failure)
Confirm with . or Enter, or press ? or * to list all spells.
You conjure some foxfire!
The jackal closely misses you. The jackal bites you.
Casting: Foxfire (safe; 1% risk of failure)
Confirm with . or Enter, or press ? or * to list all spells.
Casting: Flame Wave (extremely dangerous; 21% risk of failure)
Press: ? - help, Dir - look around, f - activate You miscast Flame Wave.
You are very lightly contaminated with residual magic.
Fire whirls out from your hands!
The foxfire hits the kobold but does no damage.
The foxfire hits the jackal.
The jackal is severely wounded.
The jackal bites you. The jackal barely misses you. The jackal bites you.
The jackal barely misses you. x2
Casting: Flame Wave (extremely dangerous; 21% risk of failure)
Confirm with . or Enter, or press ? or * to list all spells.
You don't know that spell.
Casting: Flame Wave (extremely dangerous; 21% risk of failure)
Confirm with . or Enter, or press ? or * to list all spells.
You don't know that spell.
Casting: Flame Wave (extremely dangerous; 21% risk of failure)
Confirm with . or Enter, or press ? or * to list all spells.
Casting: Flame Wave (extremely dangerous; 21% risk of failure)
Press: ? - help, Dir - look around, f - activate You miscast Flame Wave.
There is a sudden and violent explosion of flames!
You die...

#.#......#.# #####
####+#....#.#.# #
#......##.#.#.#
#.............#
#......####.###
#.........#.# #
#.....###.#+###.#
####......ยง.K(..#
#######.@h...# #
#.hh...... #
#...S..... #
#...$...$. #
##+###.... # ....
# ... ..


You could see an adder, 3 jackals and a kobold.

Vanquished Creatures
  Terence (D:2)
  An orc wizard (D:3)
  3 gnolls (D:2)
  2 adders
  2 dart slugs
  6 orcs (D:3)
  5 endoplasms
  2 giant cockroaches
  6 goblins
  5 hobgoblins
  A jackal (D:3)
  10 kobolds
  3 quokkas (D:1)
  7 ball pythons
  5 bats
  3 frilled lizards
  9 rats
71 creatures vanquished.

Vanquished Creatures (collateral kills)
  A foxfire (D:2)
1 creature vanquished.

Vanquished Creatures (others)
  132 foxfires
132 creatures vanquished.

Grand Total: 204 creatures vanquished

Notes
Turn   | Place    | Note
-------+----------+-------------------------------------------
     0 | D:1      | hawla the Deep Elf Fire Elementalist began the quest for
                  | the Orb.
     0 | D:1      | Reached XP level 1. HP: 10/10 MP: 6/6
   233 | D:1      | Reached skill level 4 in Fire Magic
   233 | D:1      | Reached XP level 2. HP: 15/15 MP: 5/8
   236 | D:1      | Learned a level 2 spell: Scorch
   970 | D:2      | Reached XP level 3. HP: 19/19 MP: 4/9
  1271 | D:2      | Reached skill level 5 in Fire Magic
  1278 | D:2      | Reached XP level 4. HP: 24/24 MP: 1/10
  1283 | D:2      | Learned a level 4 spell: Flame Wave
  1633 | D:2      | Noticed Terence
  1640 | D:2      | Killed Terence
  2486 | D:3      | Reached XP level 5. HP: 28/28 MP: 9/12
  2874 | D:3      | Reached skill level 6 in Fire Magic
  2976 | D:3      | Killed by miscasting Flame Wave

Illustrated notes

Levels and vault maps discovered:
D:1:      eino_arrival_druids_welcome, layout_loops_ring, kennysheep_nondescript
D:2:      layout_basic, serial_forest, infiniplex_forest_lined_3,
          infiniplex_forest_straight_2, infiniplex_forest_lined_3,
          infiniplex_forest_clump_small, infiniplex_forest_clump_C,
          minmay_misc_feat_diagonals, uniq_terence
D:3:      layout_basic, lexackson_kobold_supper

Skill      XL: |  1  2  3  4  5 |
---------------+----------------+-----
Fire Magic     | 4 5 6 |  6.0
Conjurations   | 2 |  2.4
Long Blades    | |  0.2
Dodging        | |  2.4
Stealth        | |  2.4
Spellcasting   | |  3.5

Action                     |  1- 3 |  4- 6 || total
---------------------------+-------+-------++-------
  Melee: Unarmed           |     4 |     2 ||     6
         Falchion          |       |     8 ||     8
   Cast: Foxfire           |    43 |    34 ||    77
         Scorch            |     8 |     9 ||    17
         Flame Wave        |       |     2 ||     2
    Use: Scroll            |     1 |     2 ||     3
 Armour: Robe              |     5 |    16 ||    21
  Dodge: Dodged            |     5 |    24 ||    29
